 Dungeon Crawl Stone Soup version 0.30-a0-305-g026cb31310 (webtiles) character file.

Game seed: 747906473934821932

2321 koil the Covert (level 9, -1/46 HPs)
             Began as a Spriggan Brigand on Oct 23, 2022.
             Was a Follower of Okawaru.
             Killed by divine providence
             ... invoked by an orc priest
              (12 damage)
             ... on level 7 of the Dungeon.
             The game lasted 00:24:38 (5908 turns).

koil the Covert (Spriggan Brigand)                  Turns: 5908, Time: 00:24:39

Health: -1/46      AC:  6    Str:  7    XL:     9   Next: 18%
Magic:  19/19      EV: 27    Int: 16    God:    Okawaru [*.....]
Gold:   382        SH:  0    Dex: 23    Spells: 17/20 levels left

rFire   . . .      SeeInvis +    a - +3 dagger
rCold   . . .      Faith    .    (no shield)
rNeg    . . .      Spirit   .    G - +1 robe
rPois   .          Reflect  .    (helmet restricted)
rElec   .          Harm     .    K - +2 cloak
rCorr   .          Rampage  .    (gloves unavailable)
Will    +....                    (boots unavailable)
Stlth   +++++.....               E - amulet of regeneration
HPRegen 1.07/turn                f - +6 ring of dexterity
MPRegen 0.16/turn                o - +4 ring of evasion

@: very quick
A: very small, no large weapons, unfitting armour, see invisible, speed 3
a: Renounce Religion, Heroism


You were on level 7 of the Dungeon.
You worshipped Okawaru.
Okawaru was aware of your devotion.
You visited 2 branches of the dungeon, and saw 8 of its levels.

You collected 382 gold pieces.

Inventory:

Hand Weapons
 a - a +3 dagger (weapon)
 g - a +0 short sword of holy wrath
 k - a +4 spear
 p - a +1 whip of holy wrath
 u - a +0 flail of venom
 w - a +0 rapier of electrocution
 x - a +2 flail of holy wrath
 F - a +1 dagger of draining
 H - a +1 whip of flaming
Missiles
 d - 16 poisoned darts (quivered)
 e - 7 curare-tipped darts
 n - 2 atropa-tipped darts
 D - 2 throwing nets
Armour
 m - a +0 robe
 q - an orb of wrath
 G - a +1 robe (worn)
 K - a +2 cloak (worn)
Jewellery
 f - a +6 ring of dexterity (left hand)
 o - a +4 ring of evasion (right hand)
 E - an amulet of regeneration (around neck)
Wands
 c - a wand of mindburst (8)
 s - a wand of flame (18)
 I - a wand of paralysis (3)
 L - a wand of acid (6)
 M - a wand of iceblast (4)
Scrolls
 i - 2 scrolls of blinking
 l - 2 scrolls of magic mapping
 v - 2 scrolls of teleportation
 y - a scroll of poison
 B - a scroll of vulnerability {unknown}
Potions
 b - a potion of flight {unknown}
 h - 3 potions of brilliance
 j - 3 potions of cancellation
 r - a potion of lignification {unknown}
 t - 6 potions of curing
 z - a potion of berserk rage
 A - a potion of ambrosia
 C - a potion of heal wounds


   Skills:
 + Level 4.7 Fighting
 + Level 6.3 Short Blades
 - Level 2.0 Throwing
 + Level 7.1 Dodging
 + Level 10.3 Stealth
 + Level 6.4 Spellcasting
 + Level 1.0 Poison Magic


You had 17 spell levels left.
You knew the following spells:

 Your Spells              Type           Power      Damage    Failure   Level
a - Mephitic Cloud        Conj/Pois/Air  6%         N/A       34%         3

Your spell library contained the following spells:

 Spells                   Type           Power      Damage    Failure   Level
 Poisonous Vapours        Pois/Air       12%        N/A       16%         2
 Cigotuvi's Dreadful Rot  Necr/Pois/Air  12%        N/A       17%         2


Dungeon Overview and Level Annotations

Branches:
Dungeon (7/15)             Temple (1/1) D:7

Altars:
Dithmenos
Elyvilon
Fedhas
Gozag
Hepliaklqana
Kikubaaqudgha
Makhleb
Nemelex Xobeh
Okawaru
Ru
Sif Muna
Trog
Uskayaw
Vehumet
Xom
Zin
The Shining One

Annotations:
D:4 !Ghost, silentkaos13's ghost, amateur DsGl


Innate Abilities, Weirdness & Mutations

You are very small and have problems with some larger weapons.
You are too small for most types of armour.
You have supernaturally acute eyesight. (SInv)
You cover ground extremely quickly. (Speed+++)


Message History

d - 13 poisoned darts (gained 1)
d - 14 poisoned darts (gained 1)
d - 16 poisoned darts (gained 2) No target in view!
No target in view!
No target in view!
The orc priest calls down the wrath of Beogh upon you.
Beogh smites you!
You hear a shout!
You hit the orc priest but do no damage.
The orc priest mumbles some strange prayers to Beogh against you.
Beogh smites you!
You are too injured to fight recklessly!
You are too injured to fight recklessly!
You are too injured to fight recklessly!
You are too injured to fight recklessly!
You are too injured to fight recklessly!
You puncture the orc priest!
The orc priest is heavily wounded.
The orc priest completely misses you.
You hit the orc priest.
The orc priest is severely wounded.
You completely miss the orc priest.
The orc priest is severely wounded.
The orc priest calls down the wrath of Beogh upon you.
Beogh smites you!
* * * LOW HITPOINT WARNING * * *
The orc priest shouts!
You hit the orc priest but do no damage.
The orc priest is severely wounded.
The orc priest completely misses you.
The orc priest shouts!
You hit the orc priest.
The orc priest is almost dead.
You hit the orc priest.
The orc priest is almost dead.
The orc priest barely misses you.
The orc priest calls down the wrath of Beogh upon you.
Beogh smites you!
You die...

# .....#..#... #.
##..........## #.. #####
#......##..### #...###...
......#..#.....
#......o####.##.###..[##..
#....o..oo.......##.#....#
#...#######.###..#....####
#. ##.o.###..........#
##.@####.....###.#..
##############<..o..o.#..##
#....
.......[.......######.o..#
#....
.......))##...<.##....#..#
#....
.........##........#####.##
###.. ########........####
#....## #. ####.......#
#.....#####.
#.....#.####...........
#.....#....############


You could see an orc warrior and 3 orc priests.

Vanquished Creatures
  Sigmund (D:2)
  Edmund (D:5)
  A black bear (D:5)
  An orc warrior (D:4)
  An ogre (D:6)
  2 ice beasts
  2 phantoms
  A kobold brigand (D:7)
  2 bullfrogs
  2 necrophages
  3 scorpions (D:5)
  3 wights (D:7)
  A howler monkey (D:4)
  3 orc priests
  A jelly (D:4)
  A hound (D:5)
  2 gnoll boudas
  5 orc wizards
  3 iguanas
  Natasha (thrice) (D:2)
  11 gnolls
  5 adders
  A shadow imp (D:6)
  2 ufetubi
  A worm (D:3)
  3 dart slugs
  26 orcs
  11 endoplasms
  3 giant cockroaches
  5 goblins
  8 hobgoblins
  2 jackals (D:1)
  9 kobolds
  5 quokkas
  10 ball pythons
  5 bats
  5 frilled lizards
  10 rats
161 creatures vanquished.

Notes
Turn   | Place    | Note
-------+----------+-------------------------------------------
     0 | D:1      | koil the Spriggan Brigand began the quest for the Orb.
     0 | D:1      | Reached XP level 1. HP: 10/10 MP: 2/2
    80 | D:1      | Reached skill level 6 in Stealth
    89 | D:1      | Reached XP level 2. HP: 15/15 MP: 2/4
   151 | D:1      | Reached skill level 1 in Spellcasting
   342 | D:1      | Reached XP level 3. HP: 18/18 MP: 5/5
   695 | D:2      | Noticed Sigmund
   700 | D:2      | Killed Sigmund
   701 | D:2      | Reached skill level 7 in Stealth
   701 | D:2      | Reached XP level 4. HP: 23/23 MP: 6/9
   701 | D:2      | Reached XP level 5. HP: 27/27 MP: 6/10
   758 | D:2      | Noticed Natasha
   764 | D:2      | Killed Natasha
   933 | D:2      | Noticed Natasha
   946 | D:2      | Killed Natasha
   947 | D:2      | Reached XP level 6. HP: 30/32 MP: 11/11
  1001 | D:2      | Noticed Natasha
  1009 | D:2      | Killed Natasha
  1416 | D:3      | Noticed a +0 hand axe
  1417 | D:3      | Found a hide-covered altar of Uskayaw.
  1418 | D:3      | Noticed a +0 hand axe
  2003 | D:4      | Reached XP level 7. HP: 36/36 MP: 13/13
  2054 | D:4      | Found a glowing golden altar of the Shining One.
  2290 | D:4      | Reached skill level 8 in Stealth
  2357 | D:4      | Found a large runed translucent door.
  2357 | D:4      | Found a large runed translucent door.
  2358 | D:4      | Noticed silentkaos13's ghost (amateur DsGl)
  2592 | D:4      | Reached skill level 5 in Dodging
  3396 | D:5      | Entered Level 5 of the Dungeon
  3701 | D:5      | Reached XP level 8. HP: 42/42 MP: 16/16
  3956 | D:5      | Reached skill level 5 in Short Blades
  3962 | D:5      | You fall into a shaft and drop 2 floors!
  3963 | D:7      | Found a staircase to the Ecumenical Temple.
  3979 | Temple   | Entered the Ecumenical Temple
  4200 | Temple   | Became a worshipper of Warmaster Okawaru
  4521 | D:7      | Reached skill level 5 in Spellcasting
  4526 | D:7      | Reached skill level 9 in Stealth
  4947 | D:5      | Noticed Edmund
  4953 | D:5      | Killed Edmund
  4953 | D:5      | Reached * piety under Okawaru
  5038 | D:5      | Reached skill level 10 in Stealth
  5177 | D:6      | Reached XP level 9. HP: 46/46 MP: 19/19
  5264 | D:6      | Found a shimmering blue altar of Sif Muna.
  5289 | D:6      | Learned a level 3 spell: Mephitic Cloud
  5330 | D:6      | Found the +5 sword of Power {vorpal}
  5560 | D:6      | Found a hazy altar of Hepliaklqana.
  5804 | D:7      | Reached skill level 1 in Poison Magic
  5908 | D:7      | Killed from afar by an orc priest

Illustrated notes

Levels and vault maps discovered:
D:1:      dpeg_arrival_erosion, layout_basic, minmay_tromino_v7
D:2:      layout_rooms, uniq_natasha, uniq_sigmund
D:3:      layout_basic, dancing_weapons_uskayaw
D:4:      layout_gridville, lemuel_doored_altar, ebering_ghost_disaster_area,
          dreamdust_princess_bridge, guppyfry_early_orc_mine
D:5:      layout_basic, uniq_edmund
D:6:      layout_cave_pools, nzn_hepliaklqana_mist_gate, lemuel_tele_altar
D:7:      layout_rooms, minmay_temple_entry_statues_pillars
Temple:   nicolae_temple_figure_eight

Skill      XL: |  1  2  3  4  5  6  7  8  9 |
---------------+----------------------------+-----
Stealth        | 6 7 8 10 | 10.3
Spellcasting   | 1 2 3 4 6 |  6.4
Dodging        | 2 3 4 5 6 7 |  7.1
Fighting       | 2 3 4 |  4.7
Short Blades   | 3 4 6 |  6.3
Poison Magic   | 1 |  1.0
Throwing       | |  2.0

Action                   |  1- 3 |  4- 6 |  7- 9 || total
-------------------------+-------+-------+-------++-------
Melee: Dagger            |    87 |   143 |   428 ||   658
       Punch             |     1 |     1 |     6 ||     8
       Spear             |       |       |     5 ||     5
Throw: Dart              |       |     8 |    19 ||    27
Evoke: Wand              |       |       |     8 ||     8
  Use: Scroll            |       |       |    14 ||    14
       Potion            |       |       |     2 ||     2
 Stab: Sleeping          |    10 |    12 |    16 ||    38
       Distracted        |       |     1 |       ||     1
       Paralysed         |       |       |     1 ||     1
Armor: Robe              |     9 |     8 |    42 ||    59
Dodge: Dodged            |    70 |    74 |   354 ||   498

Table legend: (Time is in decaauts)
 A = Elapsed time spent in this place.
 B = Non-inter-level travel time spent in this place.
 C = Inter-level travel time spent in this place.
 D = Time resting spent in this place.
 E = Time spent auto-exploring this place.
 F = Levels seen in this place.
 G = Mean time per level.
                   A        B        C        D        E       F      G
               +--------+--------+--------+--------+--------+-----+--------+
         Total |   4143 |   4020 |    123 |    302 |   2365 |   8 |  517.9 |
       Dungeon |   3783 |   3687 |     96 |    146 |   2238 |   7 |  540.4 |
        Temple |    359 |    333 |     26 |    156 |    127 |   1 |  359.0 |
               +--------+--------+--------+--------+--------+-----+--------+

Top non-repeatable levels by time:
     D:4: 983 daAuts
     D:3: 654 daAuts
     D:5: 583 daAuts
     D:7: 434 daAuts
     D:2: 393 daAuts
     D:1: 380 daAuts
  Temple: 359 daAuts
     D:6: 353 daAuts
